 Dungeon Crawl Stone Soup version 0.31-a0-180-g519b7de00c (webtiles) character file.

Game seed: 481175870349449159

1028542 olmar the Gargoyle Barricade (level 27, -2/199 HPs)
             Began as a Gargoyle Fighter on June 18, 2023.
             Was an Initiate of Gozag.
             Slain by Mnoleg (9 damage)
             ... in Pandemonium on June 19, 2023.
             The game lasted 02:45:54 (82170 turns).

olmar the Gargoyle Barricade (Gargoyle Fighter)    Turns: 82170, Time: 02:45:55

Health: -2/199     AC: 69    Str: 45    XL:     27
Magic:  19/19      EV: 13    Int: -9 (7) God:    Gozag
Gold:   8098       SH: 19    Dex: 12    Spells: 24/28 levels left

rFire   + . .        p - +9 eveningstar (spect)
rCold   + + +        P - +2 shield of Resistance {rF++ rC++ Will++}
rNeg    + + .        n - +7 gold dragon scales
rPois   ∞            r - +0 mask of the Dragon {Will+ Slay+3 SInv}
rElec   +            v - +2 cloak of Pandemonium {-Cast rPois Will+++ Stlth-}
rCorr   +            T - +3 pair of gauntlets of War {Slay+5}
SInv    +            k - +1 pair of boots "Qiani" {Regen+ Str+2}
Will    +++++        d - amulet of regeneration
Stlth   +            E - ring of Zomo {rN+ AC+4 SInv}
HPRegen 0.00/turn    u - ring of Bygg {+Blink rPois rC++ Str+6 Dex+4}
MPRegen 0.16/turn

%: no spellcasting
@: mighty, brilliant, resistant, gold aura, enlightened, flying, inhibited
regen, slowed, lost intelligence, constricted, studying 6 skills, unable to
read, unable to drink, very slow
A: sickness immunity, AC +20, big wings, negative energy resistance 1,
electricity resistance, torment resistance 1, petrification resistance, antennae
1, iridescent scales 2, deformed body, deterioration 1, dopey 1, low MP 2,
strong-willed 1, screaming 2, inhibited regeneration, strong 1, heat
vulnerability 3, subdued magic 3, inability to drink after injury 2, inability
to read after injury 1, devolution 1
}: 10/15 runes: decaying, slimy, silver, iron, icy, bone, abyssal, demonic,
dark, gossamer
a: Renounce Religion, Evoke Blink, Potion Petition, Call Merchant, Bribe Branch


You were in Pandemonium.
You worshipped Gozag.
Gozag was greatly pleased with you.
You visited 15 branches of the dungeon, and saw 75 of its levels.
You visited Pandemonium 1 time, and saw 8 of its levels.
You visited the Abyss 1 time.
You also visited: Gauntlet, Ice Cave and Desolation.

You collected 46476 gold pieces.
You spent 12497 gold pieces at shops.
You paid 25881 gold pieces to Gozag.

Inventory:

Hand Weapons
 p - a +9 spectral eveningstar (weapon)
Armour
 g - a scarf of resistance
 k - the +1 pair of boots "Qiani" (worn) {Regen+ Str+2}
   (You found it on level 5 of the Pits of Slime)

   Str:       It affects your strength (+2).
   Regen:     It increases your rate of health regeneration.
 n - +7 gold dragon scales (worn)
 r - the +0 mask of the Dragon (worn) {Will+ Slay+3 SInv}
   (You bought it in a shop on level 5 of the Vaults)

   Slay:      It affects your accuracy & damage with ranged weapons and melee
   (+3).
   SInv:      It lets you see invisible.
   Will:      It increases your willpower.
 v - the +2 cloak of Pandemonium (worn) {-Cast rPois Will+++ Stlth-}
   (You found it on level 4 of the Realm of Zot)

   rPois:     It protects you from poison.
   -Cast:     It prevents spellcasting.
   Will:      It greatly increases your willpower.
   Stlth:     It makes you less stealthy.
 z - the +3 pair of mountain boots {steadfast, rC+}
   (You found it on level 3 of the Elven Halls)

   Steadfast: It prevents involuntary movement, except for blinking,
   teleportation, or banishment.
   rC:        It protects you from cold.
 H - the +2 helmet of the Lumpy Invaders {Rampage Regen+ Str-5}
   (You found it in a Gauntlet)

   Str:       It affects your strength (-5).
   Regen:     It increases your rate of health regeneration.
   Rampage:   It bestows one free step when moving towards enemies.
 P - the +2 shield of Resistance (worn) {rF++ rC++ Will++}
   (You bought it in a shop on level 1 of the Dungeon)

   rF:        It greatly protects you from fire.
   rC:        It greatly protects you from cold.
   Will:      It greatly increases your willpower.
 T - the +3 pair of gauntlets of War (worn) {Slay+5}
   (You bought it in a shop on level 3 of the Lair of Beasts)

   Slay:      It affects your accuracy & damage with ranged weapons and melee
   (+5).
Jewellery
 d - an amulet of regeneration (around neck)
 u - the ring of Bygg (right hand) {+Blink rPois rC++ Str+6 Dex+4}
   (You found it on level 9 of the Dungeon)

   [ring of strength]

   Str:       It affects your strength (+6).
   Dex:       It affects your dexterity (+4).
   rC:        It greatly protects you from cold.
   rPois:     It protects you from poison.
   +Blink:    It lets you blink.
 E - the ring of Zomo (left hand) {rN+ AC+4 SInv}
   (You bought it in a shop in the Vestibule of Hell)

   [ring of protection]

   AC:        It affects your AC (+4).
   rN:        It protects you from negative energy.
   SInv:      It lets you see invisible.
 G - a ring of positive energy
Wands
 c - a wand of digging (37)
 j - a wand of mindburst (60) (quivered)
 s - a wand of polymorph (36)
 B - a wand of light (40)
 I - a wand of roots (42)
 N - a wand of flame (124)
 W - a wand of charming (43)
Scrolls
 i - 11 scrolls of revelation
 w - 9 scrolls of fog
 y - 7 scrolls of silence
 A - 3 scrolls of brand weapon
 D - 3 scrolls of amnesia
 K - 2 scrolls of summoning
 L - 4 scrolls of poison
 Q - 2 scrolls of enchant weapon
 S - 4 scrolls of blinking
 Z - 11 scrolls of fear
Potions
 a - 5 potions of attraction
 b - a potion of berserk rage
 e - 2 potions of resistance
 f - 5 potions of brilliance
 h - 6 potions of mutation
 l - 7 potions of lignification
 m - a potion of haste
 o - 10 potions of curing
 q - 7 potions of enlightenment
 t - 7 potions of cancellation
 x - 14 potions of heal wounds
 C - 2 potions of magic
 F - 6 potions of invisibility
 J - 2 potions of might
 U - 6 potions of ambrosia
Miscellaneous
 V - a phantom mirror


   Skills:
 O Level 27 Fighting
 - Level 1.1(1.3) Short Blades
 - Level 0.7(1.1) Long Blades
 - Level 0.9(16.7) Axes
 O Level 27 Maces & Flails
 - Level 1.0(1.2) Polearms
 - Level 0.5(18.0) Staves
 + Level 0.7 Ranged Weapons
 O Level 27 Armour
 * Level 18.1 Dodging
 O Level 27 Stealth
 O Level 27 Shields
 - Level 1.4 Unarmed Combat
 + Level 1.0 Spellcasting
 + Level 1.0 Conjurations
 + Level 1.4 Hexes
 + Level 1.0 Summonings
 + Level 0.7 Necromancy
 + Level 0.7 Translocations
 + Level 0.6 Transmutations
 + Level 1.0 Fire Magic
 + Level 2.2 Ice Magic
 + Level 0.6 Air Magic
 + Level 1.3 Earth Magic
 - Level 1.0 Poison Magic
 - Level 1.4 Invocations
 + Level 20.8 Evocations


You had 24 spell levels left.
You knew the following spells:

 Your Spells              Type           Power      Damage    Failure   Level
a - Blink                 Tloc           0%         N/A       87%         2
b - Wereblood             Tmut           0%         N/A       88%         2

Your spell library contained the following spells:

 Spells                   Type           Power      Damage    Failure   Level
 Slow                     Hex            0%         N/A       63%         1
 Sandblast                Erth           0%         2d4       65%         1
 Magic Dart               Conj           0%         1d3       69%         1
 Summon Small Mammal      Summ           0%         N/A       69%         1
 Apportation              Tloc           0%         N/A       73%         1
 Necrotise                Necr           0%         1d4       73%         1
 Sting                    Tmut/Pois      0%         1d3       73%         1
 Ensorcelled Hibernation  Hex/Ice        0%         N/A       73%         2
 Beastly Appendage        Tmut           0%         N/A       75%         1
 Call Imp                 Summ           0%         N/A       85%         2
 Passwall                 Tmut/Erth      0%         N/A       85%         2
 Scorch                   Fire           0%         2d5       85%         2
 Searing Ray              Conj           0%         2d4       85%         2
 Momentum Strike          Conj/Tloc      0%         3d8       86%         2
 Poisonous Vapours        Pois/Air       0%         N/A       86%         2
 Lesser Beckoning         Tloc           0%         N/A       87%         2
 Frozen Ramparts          Ice            0%         1d1       89%         3
 Ozocubu's Armour         Ice            0%         N/A       89%         3
 Confusing Touch          Hex            0%         N/A       95%         3
 Tukima's Dance           Hex            0%         N/A       95%         3
 Dazzling Flash           Conj/Hex       0%         N/A       96%         3
 Inner Flame              Hex/Fire       0%         N/A       96%         3
 Stone Arrow              Conj/Erth      0%         3d7       96%         3
 Summon Guardian Golem    Hex/Summ       0%         N/A       96%         3
 Gell's Gravitas          Tloc           0%         N/A       98%         3
 Ignite Poison            Fire/Tmut/Pois 0%         N/A       98%         3
 Mephitic Cloud           Conj/Pois/Air  0%         N/A       98%         3
 Spider Form              Tmut/Pois      0%         N/A       98%         3
 Swiftness                Air            0%         N/A       98%         3
 Teleport Other           Tloc           0%         N/A       98%         3
 Vampiric Draining        Necr           0%         2d6       98%         3
 Vhi's Electric Charge    Tloc/Air       0%         N/A       98%         3
 Volatile Blastmotes      Fire/Tloc      0%         2d10      98%         3
 Airstrike                Air            0%         2d(0-16)  100%        4
 Anguish                  Hex/Necr       0%         N/A       100%        4
 Animate Armour           Summ/Erth      0%         N/A       100%        4
 Cause Fear               Hex            0%         N/A       100%        4
 Dispel Undead            Necr           0%         3d6       100%        4
 Flame Wave               Conj/Fire      0%         2d4       100%        4
 Fulminant Prism          Conj/Hex       0%         3d5       100%        4
 Ice Form                 Ice/Tmut       0%         N/A       100%        4
 Iskenderun's Mystic Bla  Conj/Tloc      0%         2d3       100%        4
 Manifold Assault         Tloc           0%         N/A       100%        4
 Olgreb's Toxic Radiance  Pois           0%         N/A       100%        4
 Passage of Golubria      Tloc           0%         N/A       100%        4
 Petrify                  Tmut/Erth      0%         N/A       100%        4
 Sticky Flame             Conj/Fire      0%         2d3       100%        4
 Summon Ice Beast         Ice/Summ       0%         N/A       100%        4
 Agony                    Necr           0%         N/A       100%        5
 Alistair's Intoxication  Tmut/Pois      0%         N/A       100%        5
 Arcjolt                  Conj/Air       0%         1d10      100%        5
 Borgnjor's Vile Clutch   Necr/Erth      0%         N/A       100%        5
 Fireball                 Conj/Fire      0%         3d3       100%        5
 Freezing Cloud           Conj/Ice/Air   0%         6-21      100%        5
 Irradiate                Conj/Tmut      0%         3d11      100%        5
 Iskenderun's Battlesphe  Conj           0%         2d6       100%        5
 Lee's Rapid Deconstruct  Erth           0%         3d4*      100%        5
 Metabolic Englaciation   Hex/Ice        0%         N/A       100%        5
 Silence                  Hex/Air        0%         N/A       100%        5
 Summon Forest            Summ/Tloc      0%         N/A       100%        5
 Summon Mana Viper        Hex/Summ       0%         N/A       100%        5
 Yara's Violent Unravell  Hex/Tmut       0%         3d3       100%        5
 Conjure Ball Lightning   Conj/Air       0%         3x3d6     100%        6
 Death Channel            Necr           0%         N/A       100%        6
 Dispersal                Tloc           0%         N/A       100%        6
 Eringya's Noxious Bog    Tmut/Pois      0%         N/A       100%        6
 Leda's Unmaking          Conj/Erth      0%         9d1       100%        6
 Starburst                Conj/Fire      0%         6d3       100%        6
 Summon Cactus Giant      Summ           0%         N/A       100%        6
 Dragon Form              Tmut           0%         N/A       100%        7
 Enfeeble                 Hex            0%         N/A       100%        7
 Monstrous Menagerie      Summ           0%         N/A       100%        7
 Orb of Destruction       Conj           0%         9d5       100%        7
 Ozocubu's Refrigeration  Ice            0%         4d7       100%        7
 Spellforged Servitor     Conj/Summ      0%         N/A       100%        7
 Storm Form               Tmut/Air       0%         N/A       100%        7
 Summon Hydra             Summ           0%         N/A       100%        7
 Borgnjor's Revivificati  Necr           0%         N/A       100%        8
 Discord                  Hex            0%         N/A       100%        8
 Disjunction              Tloc           0%         N/A       100%        8
 Ignition                 Fire           0%         3d3       100%        8
 Lehudib's Crystal Spear  Conj/Erth      0%         10d2      100%        8
 Maxwell's Capacitive Co  Air            0%         ∞         100%        8
 Necromutation            Tmut/Necr      0%         N/A       100%        8
 Death's Door             Necr           0%         N/A       100%        9
 Dragon's Call            Summ           0%         N/A       100%        9
 Polar Vortex             Ice            0%         N/A       100%        9
 Cigotuvi's Dreadful Rot  Necr/Pois/Air  Unusable   N/A       N/A         2
 Sublimation of Blood     Necr           Unusable   N/A       N/A         2
 Animate Dead             Necr           Unusable   N/A       N/A         4
 Simulacrum               Ice/Necr       Unusable   N/A       N/A         6
 Statue Form              Tmut/Erth      Unusable   N/A       N/A         6

Dungeon Overview and Level Annotations

Branches:
Dungeon (15/15)            Temple (1/1) D:5            Lair (5/5) D:9
  Swamp (4/4) Lair:2       Spider (4/4) Lair:3        Slime (5/5) Lair:5
    Orc (2/2) D:12            Elf (3/3) Orc:2        Vaults (5/5) D:14
  Crypt (0/3) Vaults:3     Depths (4/4) D:15           Hell (visited)
    Dis (7/7) Hell            Geh (0/7) Hell            Coc (7/7) Hell
    Tar (7/7) Hell            Zot (5/5) Depths:4      IceCv (visited)
Desolation (visited)      Gauntlet (visited)

Altars:
Ashenzari
Cheibriados
Dithmenos
Elyvilon
Fedhas
Gozag
Hepliaklqana
Kikubaaqudgha
Makhleb
Nemelex Xobeh
Okawaru
Qazlal
Ru
Sif Muna
Trog
Uskayaw
Vehumet
Wu Jian
Xom
Yredelemnul
Zin
The Shining One
Jiyva

Shops:
D:1 [   D:2 (   D:5 (   D:6 ?   D:14 **   Orc:2 *=::[(   Elf:1 ?   Elf:2 :
Elf:3 *[:[   Lair:3 ([   Lair:5 ([[!   Vaults:5 ([   Hell =   Zot:4 *
Depths:3 [*(   Depths:4 [[

Portals:
Hell: Depths:1 Depths:2 Depths:3 Depths:4
Abyss: Depths:1 Depths:3
Pandemonium: Depths:1 Depths:2
Ziggurat: Depths:2
Trove: Elf:2 (show slimy rune of Zot)

Annotations:
D:4 2 transporters, SigmundSlayer's ghost, amateur DgFi
Pan Mnoleg


Innate Abilities, Weirdness & Mutations

You are immune to sickness and miasma.
Your stone body is resilient. (AC +20)
You are immune to poison.
Your large and strong wings let you fly.
You resist negative energy. (rN+)
You are resistant to electric shocks. (rElec)
You are resistant to unholy torment.
You are immune to petrification.
You have a pair of small antennae on your head.
You are mostly covered in iridescent scales. (AC +4)
Armour fits poorly on your strangely shaped body.
Your body sometimes deteriorates upon taking damage.
You are dopey. (Int -2)
Your magical capacity is very low. (-20% MP)
You are strong-willed. (Will+)
You frequently scream uncontrollably at your foes.
You do not regenerate when monsters are visible.
Your muscles are strong. (Str +4, Int/Dex -1)
You are extremely vulnerable to heat. (rF---)
Your spells are much easier to cast, but much less powerful.
You sometimes lose the ability to drink potions when taking damage.
You occasionally lose the ability to read scrolls when taking damage.
You have hidden genetic defects.


Message History

Mnoleg gores you but does no damage. Mnoleg completely misses you.
You block the eldritch tentacle's attack. x2
Mnoleg gestures.
You block the eldritch tentacle's attack.
The eldritch tentacle claws you but does no damage.
You pound Mnoleg like an anvil!!!
Mnoleg is heavily wounded.
The neqoxec is no longer distracted by gold.
You block the eldritch tentacle's attack.
The eldritch tentacle claws you!!
You feel threatened and lose the ability to drink potions!
You are engulfed in flames!
You resist. You block Mnoleg's attack. Mnoleg tentacle-slaps you.
You feel yourself wasting away. Mnoleg gores you but does no damage.
You block Mnoleg's attack. The neqoxec gestures at you.
You feel dopey. Something feeds on your intellect!
The eldritch tentacle slaps you. The eldritch tentacle shocks you. You resist.
* * * LOW HITPOINT WARNING * * *
The eldritch tentacle claws you!!
* * * LOW HITPOINT WARNING * * *
You are engulfed in flames!
You resist.
* * * LOW HITPOINT WARNING * * *
You block the tentacled monstrosity's attack.
The tentacled monstrosity tentacle-slaps you but does no damage.
You block the tentacled monstrosity's attack.
The tentacled monstrosity grabs you.
The tentacled monstrosity constricts you.
* * * LOW HITPOINT WARNING * * *
Unknown command.
You spit Mnoleg like a pig!!!!
Mnoleg is severely wounded.
The eldritch tentacle slaps you!
* * * LOW HITPOINT WARNING * * *
You feel mightier all of a sudden.
The eldritch tentacle claws you but does no damage.
Mnoleg claws you!
You die...
Your body crumbles into a pile of gold.

,,,,,,,,,,,,,,,,,,,,,,,,,,,,,*
,********#...,,****,,*******,*
,* #...,,*****,,** *,* ,*
#....,,,****,,** *,* ,*
#..*.,,*,* **,,** *,* ,*
#..│..,,** **,,***,* ,*
*#...\3#** **,,**,* ,*
**..3..\&## **,,*.# ,*
**,,,**#Xw@## **,..# ,*
**,,,** ##XX.## **..# ,*
**,,,** ##..$## ##.# ,*
**,,,** ##...## ##..#
,***,,,** ##...## ##...#
,**,,,,,** ##...###....#
,*,,,*,,,** ##...#.....#
,,,,***,,,** ##......#.# ,,,**
**,,,** ##....##.#


You could see Mnoleg, a tentacled monstrosity (summoned), an eldritch tentacle
(fast, strong), 2 large abominations and 2 neqoxecs.

Vanquished Creatures
  Antaeus (Coc:7)
  the Royal Jelly (Slime:5)
  Ereshkigal (Tar:7)
  Dissolution (Slime:4)
  6 pandemonium lords (Pan)
  Gloorx Vloq (Pan)
  the Serpent of Hell (Coc:7)
  Dispater (Dis:7)
  7 dread liches
  6 ancient liches
  5 orbs of fire
  Mara (Vaults:4)
  A juggernaut (Depths:3)
  The ghost of Xeyjeo the Intangible, a veteran MfMo of Cheibriados (Depths:3)
  Bai Suzhen (Spider:4)
  8 Killer Klowns (Zot:5)
  16 shard shrikes
  35 caustic shrikes
  A curse toe (Zot:4)
  Geryon (Hell)
  2 profane servitors (Tar:4)
  15 golden dragons
  Arachne (Spider:4)
  34 bone dragons
  16 Tzitzimimeh
  17 doom hounds
  6 Brimstone Fiends
  Jorgrun (Spider:2)
  4 electric golems
  A spectral shard shrike (Tar:3)
  19 Hell Sentinels
  8 iron giants
  7 liches
  16 tentacled monstrosities
  A walking earthen tome (Depths:2)
  16 Ice Fiends
  2 deep elf blademasters
  25 Orb Guardians (Zot:5)
  17 tainted leviathans
  Asterion (Elf:2)
  Zenata (Elf:2)
  18 titans
  7 quicksilver dragons
  14 acid blobs
  25 Executioners (Pan)
  4 tentacled starspawn
  A walking divine tome (Depths:3)
  A sphinx (Vaults:5)
  2 deep elf master archers (Elf:3)
  10 death cobs
  18 ancient champions
  Agnes (D:15)
  Roxanne (Swamp:1)
  16 storm dragons
  Frances (Swamp:1)
  9 tengu reavers
  12 draconian monks
  5 draconian knights
  4 fenstrider witches (Swamp:4)
  14 shadow dragons
  2 demonspawn warmongers (Pan)
  23 azure jellies
  18 narguns
  13 quicksilver elementals
  18 frost giants
  2 daevas (Abyss:1)
  18 rockslimes
  2 curse skulls (Pan)
  7 deep elf sorcerers
  An imperial myrmidon (Desolation)
  8 shard shrike simulacra
  7 emperor scorpions
  8 fire giants
  9 iron dragons
  19 ironbound preservers
  4 spectral caustic shrikes
  8 draconian scorchers
  15 vault wardens
  5 balrugs
  2 draconian annihilators (Zot:4)
  14 ghost moths
  5 spectral juggernauts
  9 draconian stormcallers
  5 deep elf elementalists (Elf:3)
  17 cacodemons
  2 orc warlords
  2 demonspawn blood saints (Pan)
  2 broodmothers
  36 war gargoyles
  A caustic shrike skeleton (Pan)
  4 draconian shifters
  23 elemental wellsprings
  28 reapers
  24 very ugly things
  2 formless jellyfish
  5 demonspawn corrupters (Pan)
  7 ironbound thunderhulks
  2 spriggan defenders
  Nessos (Lair:3)
  2 ophanim (Abyss:1)
  4 deep elf demonologists
  8 quicksilver oozes
  12 white draconians
  14 stone giants
  14 putrid mouths
  8 yellow draconians
  A minotaur (Gauntlet)
  8 green draconians
  9 lorocyprocas
  6 eleionomae
  4 demonspawn black suns (Pan)
  3 spectral titans
  7 deep elf annihilators
  17 purple draconians
  2 halazid warlocks (Desolation)
  10 red draconians
  12 dire elephants
  11 black draconians
  3 bunyips
  9 spark wasps
  40 starcursed masses
  15 iron golems
  A bunyip (shapeshifter) (Depths:2)
  16 eidola
  16 wendigos
  12 ettins
  Snorg (Lair:3)
  9 blizzard demons
  5 fire dragons
  5 deep elf death magi (Elf:3)
  A spectral iron giant (Tar:4)
  A crystal guardian (Desolation)
  A spectral quicksilver dragon (Tar:1)
  11 green deaths
  Josephine (D:15)
  A spectral fenstrider witch (Tar:1)
  A great orb of eyes (shapeshifter) (Vaults:5)
  10 yaktaur captains
  7 servants of whispers (Desolation)
  A deep elf high priest (Vaults:5)
  3 shambling mangroves
  14 hydras
  6 entropy weavers
  6 great orbs of eyes
  3 ice dragons
  3 spectral spriggans
  6 ragged hierophants (Desolation)
  11 peacekeepers
  4 hell beasts
  10 juggernaut simulacra
  32 vault guards
  3 rakshasas
  4 spriggan air magi
  A spriggan skeleton (Abyss:1)
  9 centaur warriors
  6 ghost crabs
  8 ogre magi
  4 jorogumos (Spider:4)
  2 spectral stone giants
  10 two-headed ogres
  3 catoblepae
  4 ironbound frosthearts
  12 caustic shrike simulacra
  4 radroaches
  Erica (D:11)
  34 demonic crawlers
  A jorogumo (shapeshifter) (Abyss:1)
  33 dancing weapons
  An alligator (shapeshifter) (Elf:2)
  14 death yaks
  10 boulder beetles
  8 alligators
  2 death scarabs
  9 deep troll shamans
  2 vampire magi
  4 tengu warriors
  6 spriggan berserkers
  An orc high priest (Orc:1)
  A spectral dire elephant (Tar:4)
  10 deep troll earth magi
  8 hell knights
  4 thrashing horrors
  5 crystal echidnas
  12 deep elf knights
  4 wretched stars
  4 iron trolls
  35 soul eaters
  5 skeletal warriors (D:15)
  44 sun demons
  24 sixfirhies
  26 shadow wraiths
  A spectral bunyip (Tar:2)
  Lodul (D:11)
  A storm dragon skeleton (Pan)
  2 spectral anacondas
  60 deep trolls
  2 flayed ghosts
  2 kraken simulacra (Coc:7)
  7 skysharks
  7 pharaoh ants
  6 swamp dragons
  2 sun moths (Spider:4)
  3 goliath frogs
  An orange crystal statue (Zot:4)
  4 quicksilver dragon simulacra
  20 deep elf archers
  An obsidian statue (IceCv)
  17 orb spiders
  10 spriggan druids
  9 shadow demons
  5 glowing orange brains
  19 ironbound convokers
  8 necromancers
  13 wizards
  8 spriggan simulacra
  4 lindwurms
  9 bog bodies
  2 lindwurms (shapeshifter)
  4 orc sorcerers
  10 orc knights
  4 steelbarb worms
  7 harpies
  6 phantasmal warriors
  30 deep elf pyromancers
  A mana viper (shapeshifter) (Vaults:5)
  4 shining eyes
  25 wolf spiders
  28 deep elf zephyrmancers
  5 will-o-the-wisps
  41 ugly things
  3 manticores
  A moth of wrath (shapeshifter) (Depths:2)
  5 spectral centaurs
  2 spectral ettins
  3 elephants (Lair:3)
  7 cyclopes
  2 worldbinders
  11 vault sentinels
  A guardian serpent (shapeshifter) (Elf:1)
  8 black mambas
  An iron dragon skeleton (Pan)
  24 moths of wrath
  2 apocalypse crabs
  A spectral alligator snapping turtle (Tar:2)
  7 eyes of devastation
  26 smoke demons
  A black mamba (shapeshifter) (D:13)
  8 rust devils (Hell)
  2 ice statues (Coc:7)
  A water nymph (shapeshifter) (Vaults:5)
  10 guardian serpents (Desolation)
  6 titan simulacra
  20 cane toads
  A molten gargoyle (Desolation)
  5 unseen horrors
  Psyche (D:9)
  11 komodo dragons
  8 torpor snails
  2 orc skeletons (Orc:1)
  16 orange demons
  A centaur skeleton (Pan)
  20 yaktaurs
  18 freezing wraiths
  A human zombie (Vaults:2)
  5 rime drakes
  A dire elephant skeleton (Abyss:3)
  A kobold demonologist (D:10)
  A tengu conjurer (Depths:3)
  11 hellions
  3 efreet
  6 ancient zymes
  8 anaconda simulacra
  3 spectral nagas
  12 ice devils
  A queen bee (shapeshifter) (Vaults:5)
  31 tormentors
  A merfolk (D:15)
  A silent spectre (Tar:4)
  6 spectral harpies
  9 trolls
  An iron giant simulacrum (Coc:6)
  17 hellwings
  A bloated husk (Swamp:4)
  2 golden dragon simulacra (Coc:6)
  6 tyrant leeches
  2 polar bears (Lair:5)
  A harpy skeleton (Pan)
  A meliai (shapeshifter) (D:9)
  32 tarantellas
  12 hornets
  19 blink frogs
  9 raiju (Abyss:1)
  3 meliai (Spider:2)
  A spectral elephant (Lair:2)
  2 iron dragon simulacra
  76 saltlings
  A human simulacrum (Vaults:2)
  A stone giant simulacrum (Coc:2)
  37 jumping spiders
  2 ettin skeletons (Pan)
  2 ettin zombies (Orc:1)
  An air elemental (Elf:1)
  18 culicivoras
  85 slime creatures
  A centaur simulacrum (Hell)
  3 flying skulls (Abyss:4)
  25 ynoxinuls
  3 dire elephant simulacra
  An elf zombie (Vaults:2)
  14 spriggans
  2 water elementals
  A vampire (D:11)
  8 wyverns
  10 wraiths
  6 fire elementals
  63 redbacks
  44 yaks
  An alligator snapping turtle simulacrum (Coc:2)
  4 golden eyes
  4 minotaur simulacra (IceCv)
  22 neqoxecs
  A spectral komodo dragon (Gauntlet)
  26 chaos spawn
  17 vampire mosquitoes
  3 basilisks
  8 wargs
  19 harpy simulacra
  3 steam dragons
  19 swamp worms
  A glowing shapeshifter zombie (Vaults:2)
  An acid dragon (D:11)
  2 hydra simulacra (Coc:4)
  3 hell hounds (Gauntlet)
  12 water moccasins
  A floating eye (shapeshifter) (Vaults:5)
  54 large abominations
  A spectral yak (Lair:2)
  5 floating eyes
  55 orc warriors
  2 ice beasts (Abyss:1)
  2 black bears
  2 sky beasts
  6 ettin simulacra
  21 ogres
  16 wolves
  A tengu (shapeshifter) (Elf:3)
  An alligator simulacrum (IceCv)
  14 small abominations
  17 centaurs
  A phantom (D:4)
  4 kobold brigands
  29 bullfrogs
  2 gnoll sergeants
  27 scorpions (Spider:3)
  A cyclops zombie (Orc:1)
  2 deep troll simulacra (IceCv)
  3 earth elementals
  3 naga simulacra
  A spectral water moccasin (Lair:2)
  2 cyclops skeletons (Orc:1)
  A warg zombie (Orc:1)
  A warg skeleton (Orc:1)
  2 lindwurm simulacra (IceCv)
  13 killer bees
  A troll skeleton (Orc:1)
  2 electric eels (Lair:5)
  8 howler monkeys
  A quasit (Abyss:4)
  3 hounds
  4 iron imps
  4 jellies
  21 orc priests
  2 iguanas
  18 orc wizards
  14 hell rats
  An ogre zombie (Orc:1)
  2 ogre skeletons (Orc:1)
  9 gnolls
  10 adders
  3 orc zombies (Orc:1)
  14 river rats (Lair:1)
  A shadow imp (D:7)
  7 white imps
  5 ufetubi
  2 worms
  A dart slug (D:2)
  86 orcs
  2 ball pythons
  7 bats
  6 endoplasms
  2 giant cockroaches (D:3)
  8 goblins
  4 hobgoblins
  9 jackals
  19 kobolds
  9 quokkas
  4 frilled lizards
  16 rats
  A creeping inferno (Hell)
  9 fire vortices (Hell)
  4 starspawn tentacles
3635 creatures vanquished.

Vanquished Creatures (collateral kills)
  An acid blob (Slime:5)
  A vault guard (Vaults:5)
  2 deep trolls (Vaults:5)
  A golden eye (Slime:5)
  2 orcs (Orc:1)
7 creatures vanquished.

Vanquished Creatures (others)
  A lich (Vaults:5)
  3 shard shrike simulacra
  A bunyip (Swamp:2)
  A caustic shrike simulacrum (Coc:6)
  A juggernaut simulacrum (Coc:3)
  A radroach (Spider:4)
  2 deep elf knights
  A kraken simulacrum (Coc:7)
  3 spriggan simulacra
  2 titan simulacra
  2 tormentors (Tar:6)
  An anaconda simulacrum (Coc:4)
  2 bloated husks (Swamp:1)
  A tyrant leech (Swamp:4)
  An iron dragon simulacrum (Coc:4)
  A slime creature (Slime:5)
  A jumping spider (Spider:1)
  A ynoxinul (Pan)
  2 vampire mosquitoes (Swamp:1)
  A harpy simulacrum (Coc:6)
  A hydra simulacrum (Coc:4)
  2 orc warriors (Orc:2)
  A naga simulacrum (Coc:4)
  A creeping inferno (Hell)
  A fire vortex (Hell)
  15 foxfires
  A lurking horror (Abyss:4)
  109 spectral weapons
  3 starspawn tentacles
  8 tentacles (Coc:7)
171 creatures vanquished.

Grand Total: 3813 creatures vanquished

Notes
Turn   | Place    | Note
-------+----------+-------------------------------------------
     0 | D:1      | olmar the Gargoyle Fighter began the quest for the Orb.
     0 | D:1      | Reached XP level 1. HP: 14/14 MP: 1/1
   124 | D:1      | Found Xaeptuisk's Antique Armour Shop.
   140 | D:1      | Reached XP level 2. HP: 19/19 MP: 2/2
   587 | D:1      | Reached XP level 3. HP: 24/24 MP: 3/3
  1077 | D:2      | Found Gogilu's Weapon Shop.
  1100 | D:2      | Reached XP level 4. HP: 28/29 MP: 4/4
  1675 | D:3      | Found a faded altar of an unknown god.
  2190 | D:3      | Found a glowing silver altar of Zin.
  2373 | D:3      | Reached XP level 5. HP: 32/33 MP: 5/5
  2740 | D:4      | Found a transporter.
  2766 | D:4      | You fall into a shaft and drop 3 floors!
  2770 | D:7      | Noticed a water moccasin
  2776 | D:7      | Noticed a centaur
  2791 | D:7      | Killed a water moccasin
  2792 | D:7      | Reached XP level 6. HP: 24/38 MP: 6/6
  2800 | D:7      | Reached skill level 5 in Maces & Flails
  2856 | D:7      | Noticed a steam dragon
  2875 | D:7      | Killed a steam dragon
  2876 | D:7      | Reached XP level 7. HP: 28/44 MP: 7/7
  2934 | D:7      | Reached skill level 5 in Armour
  3074 | D:6      | Found a broken altar of Ashenzari.
  3190 | D:5      | Entered Level 5 of the Dungeon
  3192 | D:5      | Found Ofosej's Weapon Emporium.
  3193 | D:5      | Found a staircase to the Ecumenical Temple.
  3205 | Temple   | Entered the Ecumenical Temple
  3328 | Temple   | Became a worshipper of Gozag Ym Sagoz the Greedy
  3551 | D:4      | Reached skill level 5 in Fighting
  3551 | D:4      | Reached XP level 8. HP: 46/49 MP: 8/8
  3729 | D:4      | Found a transporter.
  3925 | D:4      | Identified the +0 ring mail of Hopscotch {Slay+3 Stlth+}
  3925 | D:4      | Identified the +1 kite shield "Wetof" {Int+4}
  3926 | D:4      | Noticed SigmundSlayer's ghost (amateur DgFi)
  4041 | D:4      | Found an ancient bone altar of Kikubaaqudgha.
  4041 | D:4      | Found a sacrificial altar of Ru.
  4322 | D:5      | Reached skill level 5 in Shields
  4372 | D:5      | Found a glowing golden altar of the Shining One.
  4835 | D:5      | Identified the +0 helmet "Komiyt" {Dex+3}
  5056 | D:6      | Found Wothrympa's Magic Scroll Shop.
  5061 | D:6      | Bought a scroll of fear for 48 gold pieces
  5061 | D:6      | Bought a scroll of revelation for 90 gold pieces
  5061 | D:6      | Bought a scroll of summoning for 114 gold pieces
  5061 | D:6      | Bought a scroll of identify for 24 gold pieces
  5666 | D:8      | Reached XP level 9. HP: 55/55 MP: 9/9
  6751 | D:9      | Identified the ring of Bygg {+Blink rPois rC++ Str+6 Dex+4}
  6765 | D:9      | Found a staircase to the Lair.
  6796 | D:9      | Identified the +2 robe "Myr Kigo" {Str+4}
  7061 | D:9      | Reached XP level 10. HP: 54/61 MP: 10/10
  7066 | D:9      | Reached skill level 10 in Maces & Flails
  7113 | D:9      | Noticed a two-headed ogre
  7136 | D:9      | Killed a two-headed ogre
  7168 | D:9      | Noticed a rakshasa
  7202 | D:9      | Killed a rakshasa
  7519 | D:9      | Noticed a catoblepas
  7527 | D:9      | Killed a catoblepas
  7528 | D:9      | Reached skill level 1 in Evocations
  7544 | D:9      | Noticed a brown ugly thing
  7545 | D:9      | Noticed a seven-headed hydra
  7546 | D:9      | Noticed a two-headed ogre
  7549 | D:9      | Killed a brown ugly thing
  7549 | D:9      | Noticed a five-headed hydra
  7550 | D:9      | Reached XP level 11. HP: 57/68 MP: 11/11
  7747 | D:9      | Noticed a rakshasa
  7775 | D:10     | Entered Level 10 of the Dungeon
  8254 | D:10     | Identified the +0 ring mail "Hyhibat" {rElec rF+ Str+4}
  8317 | D:10     | Noticed a two-headed ogre
  8318 | D:10     | Noticed a two-headed ogre
  8323 | D:10     | Killed a two-headed ogre
  8334 | D:10     | Killed a two-headed ogre
  8819 | D:11     | Noticed a manticore
  8820 | D:11     | Noticed Lodul
  8845 | D:11     | Killed a manticore
  8847 | D:11     | Reached skill level 10 in Armour
  8852 | D:11     | Killed Lodul
  9341 | D:11     | Noticed Erica
  9346 | D:11     | Killed Erica
  9733 | D:11     | Noticed a cyan ugly thing
  9742 | D:11     | Killed a cyan ugly thing
  9806 | D:11     | Reached XP level 12. HP: 76/76 MP: 12/12
 10058 | D:9      | Identified the +1 ring mail of the Hills {Rampage Will-
                  | Regen+}
 10058 | D:9      | Noticed a two-headed ogre
 10067 | D:9      | Killed a two-headed ogre
 10090 | D:9      | Killed a two-headed ogre
 10111 | D:9      | Killed a seven-headed hydra
 10201 | D:9      | Killed a five-headed hydra
 10285 | D:9      | Noticed Psyche
 10302 | D:9      | Killed Psyche
 10303 | D:9      | Reached skill level 1 in Dodging
 10794 | D:9      | Killed a rakshasa
 11342 | D:12     | Found a staircase to the Orcish Mines.
 11514 | Orc:1    | Entered Level 1 of the Orcish Mines
 11667 | Orc:1    | Reached skill level 10 in Fighting
 12321 | Orc:1    | Reached XP level 13. HP: 73/82 MP: 13/13
 12449 | Orc:1    | Reached skill level 10 in Shields
 12854 | Orc:2    | Entered Level 2 of the Orcish Mines
 12955 | Orc:2    | Found Vutyubleo's Self-Improvement Boutique.
 13191 | Orc:2    | Noticed an orc warlord
 13200 | Orc:2    | Found Duryqogh's General Store.
 13201 | Orc:2    | Found Ehowora's Jewellery Shoppe.
 14425 | Orc:1    | Killed an orc warlord
 14844 | Orc:2    | Found Zuthrauc's Book Shoppe.
 14938 | Orc:2    | Found a staircase to the Elven Halls.
 15522 | Orc:2    | Bought a potion of ambrosia for 120 gold pieces
 15522 | Orc:2    | Bought a potion of curing for 45 gold pieces
 15614 | Orc:2    | Found Teitsam's Antique Weapon Shoppe.
 15614 | Orc:2    | Found Evullyv's Antique Armour Shop.
 16510 | Lair:1   | Entered Level 1 of the Lair of Beasts
 16605 | Lair:1   | Reached skill level 15 in Maces & Flails
 16776 | Lair:1   | Gained mutation: Your large and strong wings let you fly.
                  | [Gargoyle growth]
 16776 | Lair:1   | Reached XP level 14. HP: 87/91 MP: 14/14
 18266 | D:1      | Bought the +2 shield of Resistance {rF++ rC++ Will++} for
                  | 1692 gold pieces
 18266 | D:1      | Found the +2 shield of Resistance {rF++ rC++ Will++}
 19887 | Lair:2   | Found a staircase to the Swamp.
 20557 | Lair:3   | Noticed Nessos
 20574 | Lair:3   | Killed Nessos
 20653 | Lair:3   | Found a hole to the Spider Nest.
 20667 | Lair:3   | Noticed Snorg
 20686 | Lair:3   | Killed Snorg
 21195 | Lair:3   | Reached XP level 15. HP: 67/98 MP: 15/15
 21670 | Lair:3   | Bought the +3 pair of gauntlets of War {Slay+5} for 665
                  | gold pieces
 21670 | Lair:3   | Found the +3 pair of gauntlets of War {Slay+5}
 22535 | Lair:5   | Entered Level 5 of the Lair of Beasts
 22763 | Lair:5   | Reached skill level 15 in Armour
 23035 | Lair:5   | Found a viscous altar of Jiyva.
 23035 | Lair:5   | Found a staircase to the Slime Pits.
 23315 | Lair:5   | Identified the +7 rapier of Zakec {spect, rElec rCorr
                  | Dex+3}
 24721 | D:14     | Found a gate leading to a gauntlet.
 24759 | Gauntlet | Entered a Gauntlet
 24759 | Gauntlet | Found a transporter.
 24767 | Gauntlet | Found a transporter.
 24771 | Gauntlet | Found a transporter.
 24779 | Gauntlet | Found a transporter.
 24783 | Gauntlet | Found a transporter.
 24791 | Gauntlet | Found a transporter.
 24795 | Gauntlet | Found a transporter.
 24803 | Gauntlet | Found a transporter.
 24807 | Gauntlet | Found a transporter.
 24820 | Gauntlet | Found a transporter.
 24847 | Gauntlet | Found a transporter.
 24859 | Gauntlet | Found a transporter.
 24872 | Gauntlet | Found a transporter.
 24885 | Gauntlet | Found a transporter.
 25032 | Gauntlet | Reached skill level 15 in Shields
 25049 | Gauntlet | Identified the ring of the Several Coins {Fly rElec rF+
                  | MP+9}
 25057 | Gauntlet | Reached XP level 16. HP: 105/105 MP: 16/16
 25104 | Gauntlet | Identified the +2 helmet of the Lumpy Invaders {Rampage
                  | Regen+ Str-5}
 25143 | Gauntlet | Identified the +0 leather armour of Greed {Str+2}
 25402 | D:14     | Found a hide-covered altar of Uskayaw.
 25636 | D:14     | Found a gate to the Vaults.
 25649 | D:14     | Bought a potion of heal wounds for 135 gold pieces
 25683 | D:15     | Entered Level 15 of the Dungeon
 25723 | D:15     | Found a staircase to the Depths.
 25774 | D:15     | Found a snail-covered altar of Cheibriados.
 25939 | D:15     | Noticed Josephine
 25949 | D:15     | Killed Josephine
 26436 | D:15     | Noticed Agnes
 26451 | D:15     | Killed Agnes
 27022 | Elf:1    | Entered Level 1 of the Elven Halls
 27238 | Elf:1    | Found Suokhite's Magic Scroll Shop.
 27253 | Elf:1    | Bought a scroll of identify for 32 gold pieces
 27253 | Elf:1    | Bought a scroll of identify for 32 gold pieces
 27253 | Elf:1    | Bought a scroll of identify for 32 gold pieces
 27253 | Elf:1    | Bought a scroll of torment for 152 gold pieces
 27253 | Elf:1    | Bought a scroll of fog for 64 gold pieces
 27253 | Elf:1    | Bought a scroll of fear for 64 gold pieces
 27426 | Elf:1    | Reached XP level 17. HP: 108/112 MP: 17/17
 27508 | Elf:1    | Identified a scroll of acquirement
 27549 | Elf:1    | Acquired a +3 eveningstar of draining
 28033 | Elf:1    | Reached skill level 15 in Fighting
 28404 | Elf:2    | Found a runed translucent gate.
 28404 | Elf:2    | Found a runed translucent gate.
 28404 | Elf:2    | Found a runed translucent gate.
 28409 | Elf:2    | Noticed Zenata
 28504 | Elf:2    | Found a portal to a secret trove of treasure.
 28697 | Elf:2    | Found Wotyem's Book Shop.
 29410 | Elf:2    | Noticed Asterion
 29454 | Elf:2    | Killed Asterion
 29990 | Elf:2    | Killed Zenata
 30028 | Elf:2    | Noticed a deep elf blademaster
 30169 | Elf:2    | Killed a deep elf blademaster
 30317 | Elf:3    | Entered Level 3 of the Elven Halls
 30533 | Elf:3    | Found Wesaeb's Antique Armour Shop.
 30542 | Elf:3    | Reached XP level 18. HP: 120/120 MP: 18/18
 30677 | Elf:3    | Found Zocs's Armour Shoppe.
 30710 | Elf:3    | Noticed a deep elf blademaster
 30742 | Elf:3    | Killed a deep elf blademaster
 30748 | Elf:3    | Killed a ghostly deep elf blademaster
 30793 | Elf:3    | Found Tounaocw's General Store.
 30848 | Elf:3    | Bought a potion of heal wounds for 80 gold pieces
 30848 | Elf:3    | Bought a scroll of fog for 64 gold pieces
 30938 | Elf:3    | Identified the ring "Kuocar" {Ice Str+4 Stlth+}
 30939 | Elf:3    | Identified the +6 demon whip of Supiuzee {drain, *Slow
                  | Str+4}
 30944 | Elf:3    | Noticed a deep elf master archer
 31010 | Elf:3    | Killed a deep elf master archer
 31155 | Elf:3    | Noticed a deep elf master archer
 31235 | Elf:3    | Killed a deep elf master archer
 31427 | Elf:3    | Identified the +7 executioner's axe "Rics" {flame, Fragile
                  | rPois Int+2 Dex+2}
 31427 | Elf:3    | Identified the +1 leather armour "Ikkiss" {rElec}
 31625 | Elf:3    | Found the +3 pair of mountain boots {steadfast, rC+}
 31680 | Elf:3    | Identified the staff "Oxoff" {Int+3 Conj}
 31796 | Elf:3    | Found Joetejom's Book Boutique.
 32419 | Swamp:1  | Entered Level 1 of the Swamp
 32612 | Swamp:1  | Identified Roxanne's Vademecum on the Crater
 32612 | Swamp:1  | Noticed Roxanne
 32615 | Swamp:1  | Noticed Frances
 32633 | Swamp:1  | Killed Roxanne
 32646 | Swamp:1  | Killed Frances
 33272 | Swamp:2  | Identified the +2 leather armour of Wu Jian's Hatred {rElec
                  | rPois Str+2}
 33287 | Swamp:2  | Reached XP level 19. HP: 128/128 MP: 19/19
 34117 | Swamp:4  | Entered Level 4 of the Swamp
 34342 | Swamp:4  | Gained mutation: You are strong-willed. (Will+) [a neqoxec]
 34347 | Swamp:4  | Gained mutation: Your body sometimes deteriorates upon
                  | taking damage. [a neqoxec]
 34426 | Swamp:4  | Got a decaying rune of Zot
 34559 | Swamp:4  | Noticed a tentacled monstrosity
 34564 | Swamp:4  | Killed a tentacled monstrosity
 34574 | Swamp:4  | Identified the +10 giant club of Ravage {drain, *Rage rPois
                  | Str+5}
 34642 | Swamp:4  | Identified the +4 hand axe "Grim" {pain, rCorr Dex+3}
 35212 | Slime:1  | Entered Level 1 of the Pits of Slime
 35318 | Spider:1 | Entered Level 1 of the Spider Nest
 36416 | Spider:2 | Reached XP level 20. HP: 132/137 MP: 20/20
 37120 | Spider:3 | Noticed Jorgrun
 37134 | Spider:2 | Killed Jorgrun
 37222 | Spider:3 | Identified the +4 short sword of Gopiuhung {protect,
                  | *Corrode rC+ Str+2 Int+2}
 37224 | Spider:3 | Identified the +10 quarterstaff "Luqul" {elec, Str+2}
 37609 | Spider:3 | Identified the ring of Yjecufih {Int+4 Slay+4}
 38291 | Spider:4 | Entered Level 4 of the Spider Nest
 38371 | Spider:4 | Found a frozen archway.
 38441 | IceCv    | Entered an ice cave
 38669 | IceCv    | Found the +8 frozen axe "Frostbite" {freeze, freezing
                  | cloud, *Noise Fly rC+}
 39541 | Spider:4 | Reached XP level 21. HP: 145/145 MP: 21/21
 39581 | Spider:4 | Noticed Bai Suzhen
 39598 | Spider:4 | Killed Bai Suzhen
 39903 | Spider:4 | Noticed Arachne
 39911 | Spider:4 | Killed Arachne
 40289 | Spider:4 | Got a gossamer rune of Zot
 40427 | Spider:4 | Identified the +2 hat of the Harp {Harm}
 41061 | Lair:5   | Bought the +3 crown of Dyrovepreva {rElec Int+2 SInv} for
                  | 662 gold pieces
 41061 | Lair:5   | Found the +3 crown of Dyrovepreva {rElec Int+2 SInv}
 41065 | Lair:5   | Bought a potion of berserk rage for 100 gold pieces
 41065 | Lair:5   | Bought a potion of haste for 200 gold pieces
 41346 | Vaults:1 | Entered Level 1 of the Vaults
 42166 | Vaults:1 | Identified the +1 plate armour of Sloth {rF++ Int+3 Dex+3
                  | Slay-5}
 43620 | Vaults:2 | Reached XP level 22. HP: 153/153 MP: 22/22
 44259 | Vaults:3 | Found a staircase to the Crypt.
 44872 | Vaults:4 | Found a crumbling gateway.
 44889 | Vaults:4 | Noticed Mara
 44900 | Vaults:4 | Noticed olmar's illusion
 44914 | Vaults:4 | Noticed olmar's illusion
 44930 | Vaults:4 | Killed Mara
 44958 | Desolati | Entered the Desolation of Salt
 45140 | Desolati | Identified the amulet "Zuph" {Acrobat Harm rC++ Int-3
                  | Dex+2}
 45561 | Desolati | Identified the +2 robe "Nilaefyq" {rC- Will+++ Regen+
                  | Int-5}
 45655 | Desolati | Got the Tractate on United Filth
 45662 | Desolati | Identified the +9 war axe of Reason {drain, rN++}
 45865 | Desolati | Got the Vellum of Spatial Poisoning
 45886 | Desolati | Found the +5 Storm Queen's Shield {shock, Fly rElec}
 45905 | Desolati | Got the Writings on Ensorcelling
 46222 | Vaults:4 | Reached XP level 23. HP: 157/161 MP: 23/23
 46242 | Vaults:4 | Got the Elucidation of the Nexus
 46282 | Vaults:4 | Identified the +6 arbalest of Fedhas {drain, Str+3 SInv}
 47146 | Vaults:5 | Entered Level 5 of the Vaults
 47366 | Vaults:5 | Noticed a golden dragon
 47383 | Vaults:5 | Killed a golden dragon
 47539 | Vaults:5 | Identified the +3 great sword "Gaopesch" {heavy, Int+3
                  | Dex+4}
 47905 | Vaults:5 | Got a silver rune of Zot
 48019 | Vaults:5 | Noticed an ancient lich
 48024 | Vaults:5 | Noticed a golden dragon
 48040 | Vaults:5 | Killed a golden dragon
 48052 | Vaults:5 | Killed an ancient lich
 48053 | Vaults:5 | Reached XP level 24. HP: 83/170 MP: 23/23
 48741 | Vaults:5 | Found Kigrar's Weapon Shoppe.
 48953 | Vaults:5 | Bought the +0 mask of the Dragon {Will+ Slay+3 SInv} for
                  | 668 gold pieces
 48953 | Vaults:5 | Found the +0 mask of the Dragon {Will+ Slay+3 SInv}
 49131 | Depths:1 | Entered Level 1 of the Depths
 49131 | Depths:1 | Found a gateway to Hell.
 49254 | Depths:1 | Paralysed by a floating eye for 4 turns
 49268 | Depths:1 | Paralysed by a floating eye for 2 turns
 49276 | Depths:1 | Paralysed by a floating eye for 3 turns
 49353 | Depths:1 | Found an ancient bone altar of Kikubaaqudgha.
 49417 | Depths:1 | Found a one-way gate to the infinite horrors of the Abyss.
 49868 | Depths:1 | Found a one-way gate leading to the halls of Pandemonium.
 50274 | Depths:2 | Found a one-way gateway to a ziggurat.
 51343 | Depths:3 | Reached XP level 25. HP: 177/178 MP: 23/23
 51618 | Depths:3 | Noticed a juggernaut
 51625 | Depths:3 | Killed a juggernaut
 51803 | Depths:3 | Found a runed translucent gate.
 51804 | Depths:3 | Found a runed translucent gate.
 51805 | Depths:3 | Found a runed translucent gate.
 51807 | Depths:3 | Noticed Xeyjeo's ghost (veteran MfMo)
 51958 | Depths:3 | Found a viscous altar of Jiyva.
 51965 | Depths:3 | Bought a pitted pewter ring for 205 gold pieces
 51965 | Depths:3 | Identified the ring of Dawn {EV+5 Int+2} (You bought it in
                  | a shop on level 3 of the Depths)
 51978 | Depths:4 | Entered Level 4 of the Depths
 52046 | Depths:4 | Found Usayl's Armour Emporium.
 52535 | Depths:4 | Found a gate to the Realm of Zot.
 52777 | Depths:4 | Found Doank's Armour Emporium.
 52986 | Zot:1    | Entered Level 1 of the Realm of Zot
 54895 | Zot:3    | Reached XP level 26. HP: 138/187 MP: 23/23
 55468 | Zot:3    | Reached skill level 27 in Shields
 55630 | Zot:3    | Found a shimmering altar of Xom.
 55702 | Zot:3    | Got the Book of Fire and Brimstone
 55715 | Zot:3    | Got the Omnibus of the Zealot
 56019 | Zot:4    | Found Qadadumn's CLEARANCE SALE!.
 56190 | Zot:4    | Found a transporter.
 56206 | Zot:4    | Found a transporter.
 56373 | Zot:4    | Identified the +2 cloak of Pandemonium {-Cast rPois Will+++
                  | Stlth-}
 57233 | Zot:4    | Noticed an orb of fire
 57239 | Zot:4    | Gained mutation: You are partially covered in iridescent
                  | scales. (AC +2) [an orb of fire]
 57241 | Zot:4    | Killed an orb of fire
 57342 | Zot:5    | Entered Level 5 of the Realm of Zot
 57454 | Zot:5    | Noticed a dread lich
 57458 | Zot:5    | Noticed an orb of fire
 57459 | Zot:5    | Noticed an orb of fire
 57461 | Zot:5    | Noticed an orb of fire
 57465 | Zot:5    | Noticed an orb of fire
 57465 | Zot:5    | Noticed a Killer Klown
 57468 | Zot:5    | Noticed a Killer Klown
 57472 | Zot:5    | Killed a dread lich
 57473 | Zot:5    | Reached XP level 27. HP: 196/196 MP: 23/23
 57477 | Zot:5    | Killed an orb of fire
 57596 | Zot:5    | Noticed an ancient lich
 57604 | Zot:5    | Killed an ancient lich
 57687 | Zot:5    | Noticed a dread lich
 57693 | Zot:5    | Noticed a dread lich
 57737 | Zot:5    | Killed a dread lich
 57754 | Zot:5    | Killed a dread lich
 57914 | Zot:5    | Noticed an ancient lich
 57932 | Zot:5    | Killed an orb of fire
 57933 | Zot:5    | Reached skill level 27 in Fighting
 57950 | Zot:5    | Gained mutation: Your spells are a little easier to cast,
                  | but a little less powerful. [an orb of fire]
 57952 | Zot:5    | Gained mutation: You are dopey. (Int -2) [an orb of fire]
 57956 | Zot:5    | Killed an orb of fire
 57959 | Zot:5    | Gained mutation: Your spells are easier to cast, but less
                  | powerful. [an orb of fire]
 57964 | Zot:5    | Gained mutation: You are vulnerable to heat. (rF-) [an orb
                  | of fire]
 57971 | Zot:5    | Killed an orb of fire
 57972 | Zot:5    | Reached skill level 27 in Maces & Flails
 57973 | Zot:5    | Killed an ancient lich
 58747 | Hell     | Entered the Vestibule of Hell
 58747 | Hell     | Noticed Geryon
 58762 | Hell     | Killed Geryon
 58766 | Hell     | Gained mutation: You have hidden genetic defects. [a
                  | cacodemon]
 58768 | Hell     | Gained mutation: You are occasionally teleported next to
                  | monsters. [a cacodemon]
 58773 | Hell     | Gained mutation: You occasionally lose the ability to drink
                  | potions when taking damage. [a cacodemon]
 58774 | Hell     | Gained mutation: You are weak. (Str -2) [a cacodemon]
 59103 | Hell     | Found a gateway to the freezing wastes of Cocytus.
 59225 | Hell     | Found a gateway to the decaying netherworld of Tartarus.
 59342 | Hell     | Gained mutation: You sometimes lose the ability to drink
                  | potions when taking damage. [hidden defects]
 59423 | Hell     | Found a gateway to the ashen valley of Gehenna.
 59475 | Hell     | Found a gateway to the Iron City of Dis.
 59503 | Hell     | Upgraded the game from 0.31-a0-177-g4aa6249778 to
                  | 0.31-a0-180-g519b7de00c
 59565 | Hell     | Bought the ring of Zomo {rN+ AC+4 SInv} for 1182 gold
                  | pieces
 59755 | Depths:3 | Voluntarily entered the Abyss.
 59778 | Abyss:1  | Found a corrupted altar of Lugonu.
 59786 | Abyss:1  | Found a corrupted altar of Lugonu.
 60172 | Abyss:1  | Found a corrupted altar of Lugonu.
 60207 | Abyss:1  | Found a corrupted altar of Lugonu.
 60272 | Abyss:1  | Found a corrupted altar of Lugonu.
 60285 | Abyss:1  | Found a corrupted altar of Lugonu.
 60786 | Abyss:1  | Reached skill level 27 in Armour
 60793 | Abyss:1  | Gained mutation: You are very vulnerable to heat. (rF--)
                  | [hidden defects]
 60793 | Abyss:1  | Lost mutation: You have hidden genetic defects. [hidden
                  | defects expressed]
 60864 | Abyss:1  | Reached skill level 1 in Unarmed Combat
 60871 | Abyss:1  | Gained mutation: Your magical capacity is low. (-10% MP) [a
                  | cacodemon]
 60965 | Abyss:2  | Paralysed by accursed screaming for 2 turns
 60980 | Abyss:2  | Paralysed by accursed screaming for 1 turns
 61183 | Abyss:3  | Found a corrupted altar of Lugonu.
 61238 | Abyss:3  | Reached skill level 1 in Ice Magic
 61348 | Abyss:3  | Reached skill level 1 in Invocations
 61469 | Abyss:4  | Reached skill level 1 in Short Blades
 61481 | Abyss:4  | Reached skill level 1 in Hexes
 61539 | Abyss:4  | Reached skill level 1 in Earth Magic
 61539 | Abyss:4  | Reached skill level 1 in Poison Magic
 61555 | Abyss:4  | Reached skill level 1 in Conjurations
 61555 | Abyss:4  | Reached skill level 1 in Fire Magic
 61564 | Abyss:4  | Reached skill level 1 in Spellcasting
 61589 | Abyss:4  | Got an abyssal rune of Zot
 61611 | Abyss:4  | Reached skill level 1 in Polearms
 61611 | Abyss:4  | Reached skill level 1 in Summonings
 61616 | Depths:3 | Escaped the Abyss
 61820 | Dis:1    | Entered Level 1 of the Iron City of Dis
 62082 | Dis:2    | Reached skill level 5 in Stealth
 62361 | Dis:2    | Reached skill level 10 in Stealth
 62940 | Dis:4    | Reached skill level 15 in Stealth
 63704 | Dis:7    | Entered Level 7 of the Iron City of Dis
 63735 | Dis:7    | Reached skill level 5 in Dodging
 64156 | Dis:7    | HP: 6/199 [war gargoyle/spray of metal splinters (63)]
 64422 | Dis:7    | Noticed Dispater
 64593 | Dis:7    | Identified the +6 long sword "Goblinbane" {flame, Fly rPois
                  | Will+++ Str-4}
 64602 | Dis:7    | Identified the +10 mace of Action {speed, rN+++ rCorr Int-4
                  | Stlth+}
 64965 | Dis:7    | Identified the ring "Ineon" {Fire *Corrode +Blink MP+9
                  | Str+5}
 64973 | Dis:7    | Identified the +2 orcbow "Foipse" {flame, Str+2}
 65171 | Dis:7    | Got the Vademecum on the Blaze
 65290 | Dis:7    | Killed Dispater
 65410 | Dis:7    | Identified the +1 quarterstaff "Orb Guardian's Doom"
                  | {freeze, Int+6}
 65451 | Dis:7    | Got an iron rune of Zot
 65854 | Depths:3 | Bought sapphire-encrusted gold dragon scales for 3485 gold
                  | pieces
 65854 | Depths:3 | Identified the +0 gold dragon scales of Insecurity {rPois
                  | rF+ rC+ Dex+6} (You bought it in a shop on level 3 of the
                  | Depths)
 65858 | Depths:3 | Bought a scroll of acquirement for 2132 gold pieces
 65858 | Depths:3 | Acquired 656 gold pieces
 65863 | Depths:3 | Bought 2 potions of heal wounds for 410 gold pieces
 65980 | Depths:3 | Reached skill level 5 in Evocations
 66008 | Depths:3 | Killed Xeyjeo's ghost
 66130 | Depths:3 | Identified the +0 orcbow of the Gloaming {drain, Fly rElec
                  | rF+ Dex+2}
 67318 | Slime:4  | Noticed Dissolution
 67323 | Slime:4  | Killed Dissolution
 67340 | Slime:4  | Paralysed by a floating eye for 4 turns
 67736 | Slime:5  | Entered Level 5 of the Pits of Slime
 67895 | Slime:5  | Noticed the Royal Jelly
 67935 | Slime:5  | Paralysed by a floating eye for 2 turns
 68022 | Slime:5  | Gained mutation: Armour fits poorly on your strangely
                  | shaped body. [a shining eye]
 68031 | Slime:5  | Lost mutation: Your magical capacity is low. (-10% MP) [a
                  | shining eye]
 68091 | Slime:5  | Found a viscous altar of Jiyva.
 68093 | Slime:5  | Found the +10 morningstar "Eos" {elec, Halo rElec}
 68169 | Slime:5  | Paralysed by a floating eye for 3 turns
 68295 | Slime:5  | Killed the Royal Jelly
 68420 | Slime:5  | Got a slimy rune of Zot
 68452 | Slime:5  | Identified the +1 pair of boots "Qiani" {Regen+ Str+2}
 68476 | Slime:5  | Identified the +1 scale mail of Vanity {rCorr Str+8 Int-2}
 68485 | Slime:5  | Identified the ring "Calolekh" {+Blink rC++ Will+ Str-5
                  | SInv}
 69243 | Coc:1    | Entered Level 1 of Cocytus
 69792 | Coc:3    | Noticed a dread lich
 69808 | Coc:3    | Killed a dread lich
 69830 | Coc:3    | Paralysed by a wendigo for 1 turns
 70057 | Coc:4    | Paralysed by a wendigo for 1 turns
 70315 | Coc:5    | Paralysed by a wendigo for 1 turns
 70446 | Coc:5    | Paralysed by a wendigo for 1 turns
 70773 | Coc:7    | Entered Level 7 of Cocytus
 70824 | Coc:7    | Paralysed by a wendigo for 1 turns
 70877 | Coc:7    | Noticed the Serpent of Hell
 70941 | Coc:7    | Noticed Antaeus
 70963 | Coc:7    | Paralysed by a wendigo for 1 turns
 71002 | Coc:7    | Killed Antaeus
 71055 | Coc:7    | Identified the +1 leather armour "Akhluev" {Rampage +Blink
                  | rF- rC+}
 71058 | Coc:7    | Identified the +1 mace "Icus Pat" {flame, rC++}
 71060 | Coc:7    | Got an icy rune of Zot
 71063 | Coc:7    | Identified the +8 trident of the Equator {drain, rC+ rN+
                  | Dex+3}
 71124 | Coc:7    | Reached skill level 10 in Dodging
 71194 | Coc:7    | Killed the Serpent of Hell
 71323 | Coc:7    | Reached skill level 27 in Stealth
 71334 | Coc:7    | Paralysed by a wendigo for 1 turns
 71402 | Coc:7    | Paralysed by a wendigo for 1 turns
 72174 | Hell     | Lost mutation: You are dopey. (Int -2) [potion of mutation]
 72174 | Hell     | Lost mutation: You sometimes lose the ability to drink
                  | potions when taking damage. [potion of mutation]
 72174 | Hell     | Lost mutation: You are partially covered in iridescent
                  | scales. (AC +2) [potion of mutation]
 72174 | Hell     | Gained mutation: You are robust. (+10% HP) [potion of
                  | mutation]
 72175 | Hell     | Lost mutation: You are weak. (Str -2) [potion of mutation]
 72175 | Hell     | Lost mutation: You are occasionally teleported next to
                  | monsters. [potion of mutation]
 72175 | Hell     | Lost mutation: Your body sometimes deteriorates upon taking
                  | damage. [potion of mutation]
 72175 | Hell     | Gained mutation: You have hidden genetic potential. [potion
                  | of mutation]
 72175 | Hell     | Gained mutation: You are partially covered in iridescent
                  | scales. (AC +2) [potion of mutation]
 72175 | Hell     | Gained mutation: You have a pair of small antennae on your
                  | head. [potion of mutation]
 72235 | Tar:1    | Entered Level 1 of Tartarus
 72245 | Tar:1    | Noticed an ancient lich
 72252 | Tar:1    | Killed an ancient lich
 72276 | Tar:1    | Noticed an ancient lich
 72280 | Tar:1    | Killed an ancient lich
 72759 | Tar:4    | Reached skill level 10 in Evocations
 73133 | Tar:5    | You are sucked into a shaft and drop 1 floor!
 73789 | Tar:7    | Entered Level 7 of Tartarus
 73864 | Tar:7    | Identified the +3 broad axe "Xylasasm" {holy, rElec rN+
                  | Str+4 Dex-3}
 73976 | Tar:7    | Noticed Ereshkigal
 74353 | Tar:7    | Found the +3 giant club "Skullcrusher" {speed, Str+7}
 74354 | Tar:7    | Noticed a dread lich
 74355 | Tar:7    | Noticed an ancient lich
 74361 | Tar:7    | Killed a dread lich
 74365 | Tar:7    | Killed an ancient lich
 74368 | Tar:7    | Identified the +9 sling of Welfare {antimagic, rF+}
 74371 | Tar:7    | Identified the staff of Fear {rPois SInv Stlth+ Earth}
 74380 | Tar:7    | Gained mutation: Your muscles are strong. (Str +4, Int/Dex
                  | -1) [hidden potential]
 74495 | Tar:7    | Killed Ereshkigal
 74652 | Tar:7    | Got a bone rune of Zot
 74852 | Tar:7    | Reached skill level 15 in Dodging
 75047 | Tar:7    | Noticed a dread lich
 75049 | Tar:7    | Noticed a dread lich
 75051 | Tar:7    | Killed a dread lich
 75055 | Tar:7    | Killed a dread lich
 75068 | Tar:7    | Learned a level 2 spell: Blink
 75071 | Tar:7    | Learned a level 2 spell: Wereblood
 75075 | Tar:7    | Identified the staff "Xoamamaehi" {rElec rN+ Int+3 Dex-3
                  | Air}
 75352 | Tar:7    | Reached skill level 15 in Evocations
 75764 | Pan      | Entered Pandemonium
 75800 | Pan      | Noticed Zaiwegyi the pandemonium lord
 75813 | Pan      | Killed Zaiwegyi the pandemonium lord
 76338 | Pan      | Gained mutation: You are mostly covered in iridescent
                  | scales. (AC +4) [hidden potential]
 76338 | Pan      | Lost mutation: You have hidden genetic potential. [hidden
                  | potential expressed]
 76798 | Pan      | Noticed Viagich the pandemonium lord
 76838 | Pan      | Gained mutation: You occasionally lose the ability to read
                  | scrolls when taking damage. [a cacodemon]
 76940 | Pan      | Killed Viagich the pandemonium lord
 77299 | Pan      | Noticed Wekeis the pandemonium lord
 77310 | Pan      | Killed Wekeis the pandemonium lord
 78240 | Pan      | Noticed Vigrot the pandemonium lord
 78242 | Pan      | Gained mutation: You occasionally shout uncontrollably at
                  | your foes. [a cacodemon]
 78247 | Pan      | Killed Vigrot the pandemonium lord
 78639 | Pan      | Noticed Kyro the pandemonium lord
 78650 | Pan      | Killed Kyro the pandemonium lord
 78882 | Pan      | Got a demonic rune of Zot
 79547 | Pan      | Found a runed translucent door.
 79553 | Pan      | Found a runed translucent door.
 79558 | Pan      | Found a runed translucent door.
 80008 | Pan      | Found a runed translucent door.
 80407 | Pan      | Noticed Pyithriu the pandemonium lord
 80418 | Pan      | Killed Pyithriu the pandemonium lord
 80445 | Pan      | Identified the +0 chain mail "Enuosubb" {Harm rPois rC+
                  | MP+9}
 80461 | Pan      | Identified the +10 rapier "Dyquom" {heavy, MP+9 Dex+4}
 80512 | Pan      | Entered the realm of Gloorx Vloq.
 81036 | Pan      | Noticed Gloorx Vloq
 81352 | Pan      | Killed Gloorx Vloq
 81441 | Pan      | Got a dark rune of Zot
 81646 | Pan      | Entered the realm of Mnoleg.
 81683 | Pan      | Gained mutation: You sometimes lose the ability to drink
                  | potions when taking damage. [a cacodemon]
 81746 | Pan      | Gained mutation: You do not regenerate when monsters are
                  | visible. [a neqoxec]
 81749 | Pan      | Gained mutation: Your magical capacity is low. (-10% MP) [a
                  | neqoxec]
 81861 | Pan      | Found an exit through the horrors of the Abyss.
 82063 | Pan      | Gained mutation: You are extremely vulnerable to heat.
                  | (rF---) [a neqoxec]
 82064 | Pan      | Lost mutation: You are robust. (+10% HP) [a neqoxec]
 82065 | Pan      | Gained mutation: Your magical capacity is very low. (-20%
                  | MP) [a neqoxec]
 82066 | Pan      | Gained mutation: You frequently scream uncontrollably at
                  | your foes. [a cacodemon]
 82066 | Pan      | Gained mutation: You have hidden genetic defects. [a
                  | neqoxec]
 82073 | Pan      | Gained mutation: Your spells are much easier to cast, but
                  | much less powerful. [a neqoxec]
 82077 | Pan      | Gained mutation: You are dopey. (Int -2) [a cacodemon]
 82145 | Pan      | Noticed Mnoleg
 82150 | Pan      | Lost intelligence.
 82157 | Pan      | Paralysed by a floating eye for 2 turns
 82169 | Pan      | Gained mutation: Your body sometimes deteriorates upon
                  | taking damage. [Mnoleg's mutagenic touch]
 82170 | Pan      | HP: 7/199 [eldritch tentacle[Mnoleg] (11)]
 82170 | Pan      | Slain by Mnoleg

Illustrated notes

Levels and vault maps discovered:
D:1:      dpeg_arrival_lava_temple_mockup, layout_loops_ring, serial_shops, shop
D:2:      layout_rooms, serial_shops, nicolae_shop_bloodbath_and_beyond
D:3:      layout_loops_ring, general_overflow_altar,
          shapermc_ecumenical_altar_hornbeckon
D:4:      layout_loops_ring, mainiacjoe_overflow_divided_tiny,
          gammafunk_ghost_gnarly_gnolls
D:5:      kb_forest_paths, layout_rooms, mainiacjoe_overflow_alcove_2,
          minmay_temple_entry_stoned_glass, serial_shops, shop,
          hangedman_decor_lopped, chequers_serial_rivers_large_a
D:6:      layout_basic, overflow_temple_1_default, serial_shops,
          nicolae_shop_just_a_little_nook, chequers_hall_statues_y
D:7:      layout_basic, hangedman_abyss_or_decor_passed
D:8:      layout_basic, grunt_ministairs_14, minivault_4
D:9:      nzn_winding_woodlands_stair_cross
          [nzn_winding_woodlands_5x15_longhouse,
          nzn_winding_woodlands_center_lodge, nzn_winding_woodlands_5x15_cabin,
          nzn_winding_woodlands_5x5_default, nzn_winding_woodlands_5x5_default,
          nzn_winding_woodlands_5x15_pockets,
          nzn_winding_woodlands_center_pierced_h,
          nzn_winding_woodlands_5x15_eye], layout_rooms, lair_entry_dummy,
          uniq_psyche
D:10:     layout_gridville
D:11:     layout_basic, uniq_erica, uniq_lodul
D:12:     layout_loops_cross, minmay_orc_entry_temple_small
D:13:     layout_loops_ring
D:14:     layout_roguey, david_vaults_4, gauntlet_entry_generic,
          nicolae_uskayaw_en_pointe
D:15:     hangedman_depths_entry_try_elsewhere_first, layout_layer_cave,
          cheibriados_altar_1, uniq_josephine, uniq_agnes
Temple:   minmay_crystal_spiral_temple
Lair:1:   lemuel_ratsnest, layout_chaotic_city, grunt_megastairs_2
Lair:2:   layout_cave_pods, nicolae_swamp_entry_spooky,
          chequers_serial_rivers_small_b
Lair:3:   layout_misc_corridors, nicolae_spider_entry_lesser_pyramids,
          uniq_nessos, uniq_snorg
Lair:4:   layout_long_grid, infiniplex_staircase_pool_2, grunt_megastairs_3,
          lemuel_fruit_fields, serial_bayou_shore_a
Lair:5:   minmay_lair_end_frog_pond, layout_regular_city, slime_entry_1
Swamp:1:  layout_basic_swamp, nicolae_swamp_some_circles, swamp_pool1,
          uniq_frances, uniq_roxanne
Swamp:2:  layout_basic_swamp, evilmike_swamp_ruin_house_3
Swamp:3:  layout_basic_swamp, nicolae_swamp_small_spring, swamp_pool1
Swamp:4:  nzn_swamp_witches_coven, layout_basic_swamp, swamp_pool2
Spider:1: layout_spider_delve
Spider:2: layout_spider_delve
Spider:3: spiders_nest_a, worms_lemuel, uniq_jorgrun
Spider:4: johnstein_spider_rune_arachne_lair, portal_ice_cave_entry_ugly_swarm,
          uniq_bai_suzhen
Slime:1:  layout_caves
Slime:2:  layout_caves, cheibrodos_slime_lost_civilization_7
Slime:3:  layout_caves
Slime:4:  layout_caves, dissolution_awaits
Slime:5
Orc:1:    dreamdust_under_siege, layout_caves, minmay_orc_temple_c
Orc:2:    st_orc_town, layout_caves, serial_shops, nicolae_shop_hallway_plus,
          nicolae_shop_self_help
Elf:1:    eino_elf_arrival_shootout, layout_loops_corners, serial_shops, shop,
          hangedman_corner_corridor, nicolae_elf_glass_and_crystal_pillar_2
Elf:2:    nicolae_elf_blades_splatter_lattice [nooodl_blade_entry_preview],
          layout_geoelf_grid, enter_trove_5, serial_shops,
          nicolae_book_shop_shelving, serial_corexii_hall,
          corexii_hall_statues_u, chequers_hall_statues_y, uniq_zenata,
          uniq_asterion
Elf:3:    minmay_elf_hall_quartered_circle, layout_loops_ring, serial_shops,
          nicolae_shop_tiny_real_fake_doors, nicolae_shop_behind_doors,
          nicolae_square_shop, nicolae_shop_scrapyard
Vaults:1: hangedman_vaults_locks, vaults_dpeg_doors, v_rooms_4,
          nicolae_vaults_trapezoid_2, ontoclasm_vaults_bender, v_misc_13,
          nicolae_vaults_sightless_eye, nicolae_vaults_asterisk,
          vaults_dpeg_spiral, vaults_dpeg_ring,
          nicolae_vaults_little_guard_posts, nicolae_vaults_theta,
          layout_vaults_omnicross
Vaults:2: vaults_room_pools, v_misc_11, ontoclasm_vaults_idyll,
          vaults_mumra_chevron_long, nicolae_vaults_trapezoid_1, v_misc_27,
          nicolae_vaults_trapezoid_4, nicolae_vaults_little_squares_3,
          nicolae_vaults_two_Ls, vaults_room_hallway,
          nicolae_vaults_surprise_closet, layout_vaults_omnigrid
Vaults:3: v_misc_29, minmay_crypt_entry_nasty_monster, grunt_vaults_focal,
          ontoclasm_vaults_chip, nicolae_vaults_closet_pinwheel_5,
          vaults_standard_mumra_x, vaults_room_semicircle, v_misc_17,
          nicolae_vaults_offset_grid_hallway_3,
          nicolae_vaults_closet_pinwheel_1, ontoclasm_vaults_ligature,
          layout_vaults_ring
Vaults:4: portal_desolation_entry_salt, vaults_dpeg_hooks, grunt_vaults_bifocal,
          vaults_room_door_hall, nicolae_vaults_offset_grid_hallway_3,
          nicolae_vaults_door_testing_chamber, hangedman_vaults_capsules,
          nicolae_vaults_diamond_1, nicolae_vaults_library_corner,
          nicolae_vaults_yaktaur_gun_rack, layout_vaults_big_room, uniq_mara
Vaults:5
Depths:1: layout_long_grid, grunt_pan_entry_spiral,
          nicolae_kikubaaqudgha_miasma_corner, abyss_entry, hell_entry,
          minmay_fractal_squares_gapless_7
Depths:2: minmay_diamond_stairs, layout_gridville, enter_ziggurat_f,
          pf_coc_iceberg, pan_entry
Depths:3: evilmike_pillar_path, layout_gridlike, hell_entry,
          gammafunk_ghost_ooze, hangedman_abyss_entry_splay, minmay_microvault,
          infiniplex_staircase_hallway_doors
Depths:4: grunt_zot_entry_hairpin, layout_basic, hell_entry, serial_shops,
          nicolae_shop_back_alley_shop, serial_bayou_shore_b, minmay_shop_star
Hell
Dis:1:    layout_gridville, minmay_strange_pillars
Dis:2:    layout_subdivisions, nicolae_dis_fourth_circle
Dis:3:    layout_jigsaw
Dis:4:    layout_regular_city
Dis:5:    layout_subdivisions, minmay_strange_pillars, nicolae_dis_scattering
Dis:6:    layout_overlapping_boxes
Dis:7:    iron_city_of_dis [dis_old, dis_wall_5], layout_gridville,
          nicolae_hells_fiendish_ambush
Coc:1:    layout_cocytus_water_paths
Coc:2:    layout_ice_bergs
Coc:3:    layout_ice_bergs
Coc:4:    layout_cocytus_water_paths
Coc:5:    layout_cocytus_delve
Coc:6:    layout_cocytus_delve
Coc:7:    coc_hangedman
Tar:1:    layout_grid_maze
Tar:2:    layout_grid_maze
Tar:3:    layout_grid_maze, nicolae_tar_cuneiform_bird
Tar:4:    layout_grid_maze, nicolae_tar_cuneiform_to_be,
          nicolae_tar_cuneiform_not
Tar:5:    nicolae_tar_tart_auras, layout_cathedral_of_symmetry
Tar:6:    layout_honeycomb, nicolae_hells_hurtin_island
Tar:7:    tar_grunt_cathedral
Zot:1:    layout_misc_corridors
Zot:2:    layout_gridlike, zot_minivault_1
Zot:3:    nicolae_zot_draconian_monastery, layout_twisted_circle,
          nicolae_lava_and_water
Zot:4:    gammafunk_sealed_arena, layout_onion_interference,
          nicolae_shop_clearance
Zot:5:    layout_basic
Pan:      rand_demon_6, layout_grid_shapes, evilmike_mini_pan_diamond,
          layout_pan_divisions_a [pan_division_quadrant_a3,
          pan_division_quadrant_a3, pan_division_quadrant_a6,
          pan_division_quadrant_a2, pan_division_octagon_divided],
          grunt_pan_spiral, layout_basic, pan_blood_fountain_small,
          evilmike_mini_pan_other_thingy, layout_pan_divisions_a
          [pan_division_quadrant_a2, pan_division_quadrant_a4,
          pan_division_quadrant_a6, pan_division_quadrant_a1,
          pan_division_octagon_empty], rand_demon_3, layout_long_grid,
          pan_blood_fountain_small, rand_demon_7, layout_stronghold,
          nicolae_pan_lom_lobonic_4, gloorx_vloq_st, layout_gridlike, mnoleg,
          layout_gridlike

Skill      XL: |  1  2  3  4  5  6  7  8  9 10 11 12 13 14 15 16 17 18 19 20 21 22 23 24 25 26 27 |
---------------+----------------------------------------------------------------------------------+-----
Maces & Flails | 3 4 5 6 8 9 11 12 14 15 16 17 18 19 20 21 22 23 24 25 27 | 27.0
Fighting       | 4 5 6 7 9 10 11 13 14 16 17 18 19 20 21 22 23 24 26 27 | 27.0
Armour         | 4 5 6 7 8 10 11 13 14 15 16 17 18 19 20 21 22 23 27 | 27.0
Shields        | 4 5 6 7 8 9 10 12 15 16 17 18 19 21 22 23 24 25 26 27 | 27.0
Evocations     | 1 2 3 20 | 20.8
Dodging        | 1 18 | 18.1
Unarmed Combat | 1 |  1.4
Ice Magic      | 2 |  2.2
Invocations    | 1 |  1.4
Short Blades   | 1 |  1.1
Hexes          | 1 |  1.4
Earth Magic    | 1 |  1.3
Poison Magic   | 1 |  1.0
Conjurations   | 1 |  1.0
Fire Magic     | 1 |  1.0
Spellcasting   | 1 |  1.0
Polearms       | 1 |  1.0
Summonings     | 1 |  1.0
Stealth        | 27 | 27.0
Long Blades    | |  0.7
Axes           | |  0.9
Staves         | |  0.5
Ranged Weapons | |  0.7
Necromancy     | |  0.7
Translocations | |  0.7
Transmutations | |  0.6
Air Magic      | |  0.6

Action                     |  1- 3 |  4- 6 |  7- 9 | 10-12 | 13-15 | 16-18 | 19-21 | 22-24 | 25-27 || total
---------------------------+-------+-------+-------+-------+-------+-------+-------+-------+-------++-------
  Melee: Flail             |   113 |   155 |   371 |   618 |  1339 |   370 |       |       |       ||  2966
         Unarmed           |       |       |       |    10 |       |       |       |       |       ||    10
         Eveningstar       |       |       |       |       |       |   757 |  1713 |  1663 |  4953 ||  9086
  Throw: Dart              |       |       |       |    11 |     9 |       |       |       |       ||    20
         Throwing net      |       |       |       |       |     1 |       |       |       |       ||     1
 Invoke: Potion Petition   |       |       |       |       |     3 |       |       |       |     9 ||    12
         Call Merchant     |       |       |       |       |     2 |     2 |     4 |     1 |     4 ||    13
Ability: Evoke Blink       |       |       |       |       |       |       |       |       |     1 ||     1
  Evoke: Wand              |       |       |       |    11 |    12 |       |       |       |    60 ||    83
         Phantom mirror    |       |       |       |       |       |       |       |     1 |     5 ||     6
    Use: Scroll            |       |     6 |    13 |     1 |     9 |    15 |     1 |     7 |    28 ||    80
         Potion            |       |     2 |       |     7 |     7 |     2 |     1 |     3 |    19 ||    41
   Stab: Distracted        |       |       |     2 |     2 |     9 |    11 |    12 |     7 |   141 ||   184
         Invisible         |       |       |       |     1 |     4 |       |       |       |       ||     5
         Held in net/web   |       |       |       |       |     1 |       |       |       |       ||     1
         Confused          |       |       |       |       |       |       |       |       |     1 ||     1
         Petrifying        |       |       |       |       |       |       |       |       |     1 ||     1
 Armour: Scale mail        |    74 |     9 |       |       |       |       |       |       |       ||    83
         Gold dragon scale |       |   110 |   292 |   343 |   879 |   782 |  1293 |   862 |  2805 ||  7366
         Skin              |       |       |       |     7 |       |       |       |       |       ||     7
  Dodge: Dodged            |    45 |    36 |    88 |   207 |   437 |   247 |   408 |   277 |  1121 ||  2866
  Block: Buckler           |    19 |    40 |    84 |   148 |   229 |       |       |       |       ||   520
         Kite shield       |       |       |       |       |   543 |   764 |  1315 |  1176 |  3345 ||  7143

Table legend: (Time is in decaauts)
 A = Elapsed time spent in this place.
 B = Non-inter-level travel time spent in this place.
 C = Inter-level travel time spent in this place.
 D = Time resting spent in this place.
 E = Time spent auto-exploring this place.
 F = Levels seen in this place.
 G = Mean time per level.
                   A        B        C        D        E       F      G
               +--------+--------+--------+--------+--------+-----+--------+
         Total |  79465 |  73559 |   5906 |   8151 |  45133 |  90 |  882.9 |
       Dungeon |  15719 |  13715 |   2004 |   1936 |   8579 |  15 | 1047.9 |
        Temple |    204 |    123 |     81 |      0 |    105 |   1 |  204.0 |
          Lair |   7798 |   6909 |    889 |   1193 |   4229 |   5 | 1559.6 |
         Swamp |   2534 |   2386 |    148 |      1 |   1781 |   4 |  633.5 |
   Spider Nest |   4702 |   4459 |    243 |     16 |   3280 |   4 | 1175.5 |
    Slime Pits |   2387 |   2225 |    162 |    137 |   1462 |   5 |  477.4 |
  Orcish Mines |   4313 |   4135 |    178 |   1466 |   1527 |   2 | 2156.5 |
   Elven Halls |   4984 |   4572 |    412 |   1072 |   2360 |   3 | 1661.3 |
        Vaults |   6186 |   5886 |    300 |     35 |   4297 |   5 | 1237.2 |
        Depths |   4555 |   3897 |    658 |    167 |   2767 |   4 | 1138.8 |
          Hell |    862 |    724 |    138 |      6 |    339 |   1 |  862.0 |
           Dis |   3733 |   3680 |     53 |    640 |   2046 |   7 |  533.3 |
       Cocytus |   2708 |   2519 |    189 |     80 |   1486 |   7 |  386.9 |
      Tartarus |   3321 |   3215 |    106 |    598 |   1726 |   7 |  474.4 |
           Zot |   5398 |   5060 |    338 |    292 |   3279 |   5 | 1079.6 |
         Abyss |   1768 |   1768 |      0 |      0 |    874 |   4 |  442.0 |
   Pandemonium |   6151 |   6151 |      0 |    148 |   4167 |   8 |  768.9 |
      Ice Cave |    687 |    687 |      0 |    344 |     68 |   1 |  687.0 |
    Desolation |   1048 |   1048 |      0 |      0 |    591 |   1 | 1048.0 |
      Gauntlet |    398 |    398 |      0 |     16 |    168 |   1 |  398.0 |
               +--------+--------+--------+--------+--------+-----+--------+

Top non-repeatable levels by time:
   Orc:1: 2627 daAuts
     D:9: 2253 daAuts
   Elf:2: 2002 daAuts
  Lair:1: 1981 daAuts
   Dis:7: 1958 daAuts
   Tar:7: 1842 daAuts
Spider:4: 1738 daAuts
Depths:3: 1718 daAuts
   Orc:2: 1686 daAuts
   Elf:3: 1641 daAuts
    D:11: 1611 daAuts
  Lair:2: 1591 daAuts
Vaults:5: 1562 daAuts
  Lair:3: 1543 daAuts
  Lair:5: 1380 daAuts
